[Event "Fagernes Chess Open 2025"]
[Site "Fagernes"]
[Date "2025.04.14"]
[Round "2.1"]
[White "Stai, Sondre"]
[Black "Aroven, Mikael"]
[Result "1-0"]
[Annotator "NA RC"]
[ECO "C41"]
[WhiteElo "1786"]
[BlackElo "2145"]
[PlyCount "97"]
[EventDate "2025.04.12"]
[EventCountry "NOR"]
[SourceTitle "playchess.com"]
[Source "ChessBase"]
[SourceQuality "1"]
[TimeControl "40/6000+30:2400+30"]

1. d4 d6 2. Nc3 Nd7 3. e4 e5 4. Nf3 Be7 5. Bc4 h6 6. dxe5 Nc5 7. Bf4 Be6 8. Bxe6 Nxe6 9. Bg3 h5 10. exd6 cxd6 11. h3 h4 12. Bh2 Qb6 13. O-O Rd8 14. Nd5 Qc5 15. Qd3 Rc8 16. c3 Qc4 17. Qxc4 Rxc4 18. Rfe1 Rh6 19. Rad1 Rc6 20. e5 dxe5 21. Nxe5 Ra6 22. Ng4 Rg6 23. Rxe6 Rgxe6 24. Nc7+ Kf8 25. Nxa6 Rxa6 26. a3 Rb6 27. b4 Ra6 28. Ra1 Nf6 29. Be5 Nxg4 30. hxg4 b5 31. Bd4 Ra4 32. Kf1 a5 33. Ke2 axb4 34. cxb4 Ra8 35. Bc5 Bxc5 36. bxc5 Ke7 37. Rb1 Ra5 38. Rb3 Kd7 39. f4 Kc6 40. g5 Ra4 41. Kf3 Rc4 42. Kg4 Rc2 43. Re3 Rxg2+ 44. Kxh4 Rd2 45. Re7 Rd7 46. Rxd7 Kxd7 47. g6 f6 48. Kg4 Ke6 49. c6 1-0

[Event "Fagernes Chess Open 2025"]
[Site "Fagernes"]
[Date "2025.04.14"]
[Round "2.2"]
[White "Engkvist, Tomas"]
[Black "Hansen, Thobias Gotaas"]
[Result "0-1"]
[Annotator "NA RC"]
[ECO "C02"]
[WhiteElo "1969"]
[BlackElo "1805"]
[PlyCount "70"]
[EventDate "2025.04.12"]
[EventCountry "NOR"]
[SourceTitle "playchess.com"]
[Source "ChessBase"]
[SourceQuality "1"]
[TimeControl "40/6000+30:2400+30"]

1. e4 e6 2. d4 d5 3. e5 c5 4. c3 Nc6 5. Nf3 Bd7 6. Be2 cxd4 7. cxd4 Qb6 8. O-O Nge7 9. Na3 Nf5 10. Nc2 Be7 11. Rb1 a5 12. g3 Rc8 13. Kg2 Nb4 14. Nxb4 axb4 15. g4 Nh4+ 16. Nxh4 Bxh4 17. Qd3 Ba4 18. b3 Rc3 19. Qd2 Bb5 20. Bb2 Bxe2 21. Qxe2 Rc6 22. Rfc1 Bg5 23. Rxc6 Qxc6 24. Kg3 Kd7 25. f4 Be7 26. Rc1 Qa6 27. Qc2 Qc6 28. Qb1 Qa6 29. Rc2 Qd3+ 30. Kf2 Bh4+ 31. Kg2 Qe4+ 32. Kh3 Qf3+ 33. Kxh4 h5 34. Qg1 hxg4+ 35. Kg5 g3 0-1

[Event "Fagernes Chess Open 2025"]
[Site "Fagernes"]
[Date "2025.04.14"]
[Round "2.3"]
[White "Kopperud, Vidar Aleksander"]
[Black "Sivaparan, Isai"]
[Result "1-0"]
[Annotator "NA RC"]
[ECO "E18"]
[WhiteElo "1778"]
[BlackElo "1944"]
[PlyCount "95"]
[EventDate "2025.04.12"]
[EventCountry "NOR"]
[SourceTitle "playchess.com"]
[Source "ChessBase"]
[SourceQuality "1"]
[TimeControl "40/6000+30:2400+30"]

1. d4 Nf6 2. c4 e6 3. Nf3 b6 4. g3 Bb7 5. Bg2 Be7 6. Nc3 Ne4 7. Bd2 O-O 8. O-O Bf6 9. Qc2 Nxd2 10. Qxd2 d6 11. e4 Nd7 12. Rfe1 c5 13. d5 Bxc3 14. Qxc3 e5 15. Nh4 g6 16. Bh3 Nf6 17. Qe3 Bc8 18. Bxc8 Qxc8 19. Kg2 a6 20. Qg5 Ne8 21. Qe3 f5 22. exf5 gxf5 23. f4 e4 24. h3 Qd8 25. Qf2 Qf6 26. Rad1 Kh8 27. Kh2 Rg8 28. Re3 Nc7 29. Qd2 b5 30. Qc3 Qxc3 31. Rxc3 Rgf8 32. b3 Kg7 33. Ng2 a5 34. Ne3 a4 35. Rd2 Kg6 36. Rf2 bxc4 37. bxc4 Na6 38. a3 Rab8 39. g4 fxg4 40. hxg4 Rb6 41. Kg3 Rfb8 42. f5+ Kf6 43. Kf4 Re8 44. g5+ Kg7 45. f6+ Kg8 46. Nf5 Rb3 47. Rxb3 axb3 48. f7+ 1-0

[Event "Fagernes Chess Open 2025"]
[Site "Fagernes"]
[Date "2025.04.14"]
[Round "2.4"]
[White "Abrahamsson, Roaul"]
[Black "Neukamm, Christian"]
[Result "1-0"]
[Annotator "NA RC"]
[ECO "D20"]
[WhiteElo "1920"]
[BlackElo "1776"]
[PlyCount "117"]
[EventDate "2025.04.12"]
[EventCountry "NOR"]
[SourceTitle "playchess.com"]
[Source "ChessBase"]
[SourceQuality "1"]
[TimeControl "40/6000+30:2400+30"]

1. d4 d5 2. c4 dxc4 3. e4 e5 4. Nf3 Bb4+ 5. Nc3 b5 6. a4 exd4 7. Qxd4 Qxd4 8. Nxd4 Nf6 9. f3 bxa4 10. Ndb5 Na6 11. Bxc4 Nd7 12. Be3 Bb7 13. Rxa4 c6 14. Nd6+ Bxd6 15. Bxa6 Bxa6 16. Rxa6 Bc5 17. Bxc5 Nxc5 18. Rxc6 Nd3+ 19. Ke2 Kd7 20. Ra6 Nxb2 21. Rha1 Rhc8 22. Nd5 Rc2+ 23. Ke3 Rc6 24. Rxa7+ Rxa7 25. Rxa7+ Ke8 26. Re7+ Kf8 27. Rb7 Nc4+ 28. Kf4 g5+ 29. Kg4 h6 30. Rb8+ Kg7 31. Ne7 Ra6 32. Nf5+ Kg6 33. Rg8+ Kh7 34. Rf8 Kg6 35. h4 Ne5+ 36. Kh3 g4+ 37. fxg4 Ra3+ 38. g3 Nd3 39. Rg8+ Kh7 40. Rg7+ Kh8 41. Rxf7 Nf2+ 42. Kg2 Nxg4 43. Rf8+ Kh7 44. h5 Ne3+ 45. Nxe3 Rxe3 46. Rf4 Kg7 47. Kf2 Ra3 48. Kg2 Ra5 49. Rf5 Ra4 50. Kf3 Ra1 51. Rb5 Kf6 52. Kg4 Re1 53. Rb6+ Ke5 54. Rxh6 Rxe4+ 55. Kg5 Ra4 56. Rb6 Ra8 57. h6 Rg8+ 58. Rg6 Rh8 59. Rg7 1-0

[Event "Fagernes Chess Open 2025"]
[Site "Fagernes"]
[Date "2025.04.14"]
[Round "2.5"]
[White "Rynning, Rune Kleiven"]
[Black "Solbu, August"]
[Result "0-1"]
[Annotator "NA COMBH"]
[ECO "E05"]
[WhiteElo "1776"]
[BlackElo "1887"]
[PlyCount "84"]
[EventDate "2025.04.12"]
[EventCountry "NOR"]
[SourceTitle "playchess.com"]
[Source "ChessBase"]
[SourceQuality "1"]
[TimeControl "40/6000+30:2400+30"]

1. c4 Nf6 2. g3 e6 3. Bg2 d5 4. Nf3 Be7 5. O-O O-O 6. d4 dxc4 7. Na3 Bxa3 8. bxa3 Bd7 9. a4 Bc6 10. Ba3 Re8 11. Qc2 a5 12. Rac1 Nbd7 13. Qxc4 Nb6 14. Qc2 Nfd5 15. e4 Nb4 16. Bxb4 axb4 17. Ne5 Re7 18. Nxc6 bxc6 19. Qxc6 Nxa4 20. Rc4 Nb6 21. Rxb4 Rxa2 22. Rc1 h6 23. Qc5 Rd7 24. Rd1 Qf6 25. d5 Na4 26. Qd4 Qxd4 27. Rdxd4 Nc3 28. Rd3 Ne2+ 29. Kf1 exd5 30. Rb8+ Kh7 31. Rxd5 Nc3 32. Bh3 Rxd5 33. exd5 g6 34. Re8 Nxd5 35. Re5 c6 36. Bd7 Nb4 37. Re4 Nd3 38. Re2 Rxe2 39. Kxe2 Ne5 40. Be8 Kg7 41. f4 Kf8 42. fxe5 Kxe8 0-1

[Event "Fagernes Chess Open 2025"]
[Site "Fagernes"]
[Date "2025.04.14"]
[Round "2.6"]
[White "Ali, Karim"]
[Black "Vollheim, Daniel O"]
[Result "1-0"]
[Annotator "NA COMBH"]
[ECO "C00"]
[WhiteElo "1876"]
[BlackElo "1764"]
[PlyCount "45"]
[EventDate "2025.04.12"]
[EventCountry "NOR"]
[SourceTitle "playchess.com"]
[Source "ChessBase"]
[SourceQuality "1"]
[TimeControl "40/6000+30:2400+30"]

1. e4 e6 2. d3 d5 3. Nd2 dxe4 4. dxe4 Bc5 5. Ngf3 Nf6 6. Bc4 O-O 7. O-O a6 8. Qe2 b5 9. Bd3 Nbd7 10. e5 Nd5 11. Ne4 f5 12. exf6 N5xf6 13. Neg5 Nb6 14. Nxh7 Nxh7 15. Bxh7+ Kh8 16. Ng5 Qe8 17. Be4 Rb8 18. Qg4 Rf6 19. Nf3 e5 20. Qh4+ Kg8 21. Qh7+ Kf8 22. Bg5 Rxf3 23. Qh8+ 1-0

[Event "Fagernes Chess Open 2025"]
[Site "Fagernes"]
[Date "2025.04.14"]
[Round "2.7"]
[White "Kuzmenko, Mykhailo"]
[Black "Arulmaran, Abishan"]
[Result "0-1"]
[Annotator "NA COMBH"]
[ECO "A45"]
[WhiteElo "1747"]
[BlackElo "1858"]
[PlyCount "132"]
[EventDate "2025.04.12"]
[EventCountry "NOR"]
[SourceTitle "playchess.com"]
[Source "ChessBase"]
[SourceQuality "1"]
[TimeControl "40/6000+30:2400+30"]

1. d4 Nf6 2. Bf4 c5 3. e3 Qb6 4. Nc3 d6 5. dxc5 Qxc5 6. h3 g6 7. Nf3 Bg7 8. Be2 Nh5 9. Bh2 O-O 10. O-O Nc6 11. Qd2 a6 12. Na4 Qa7 13. c4 Nf6 14. Nc3 Be6 15. Rfd1 Rac8 16. Rac1 h6 17. e4 Nd7 18. Bf4 Kh7 19. Be3 Qb8 20. Nd4 Nxd4 21. Bxd4 Bxc4 22. Bxg7 Kxg7 23. Qd4+ e5 24. Qxd6 Bxe2 25. Qxb8 Nxb8 26. Nxe2 Rxc1 27. Rxc1 Rd8 28. Rc2 Nc6 29. a3 Rd1+ 30. Kh2 Nd4 31. Nc3 Rd3 32. Rc1 Rd2 33. Nd1 Ne2 34. Rb1 f5 35. g3 fxe4 36. Kg2 Nd4 37. Ne3 Nf5 38. Nxf5+ gxf5 39. Kf1 f4 40. gxf4 exf4 41. Re1 Rd4 42. Ke2 Kf6 43. Rc1 Rd3 44. Rc4 Ke5 45. Rb4 b5 46. h4 h5 47. a4 Rd4 48. Rb3 Rxa4 49. Rc3 Kf5 50. f3 Rc4 51. fxe4+ Kxe4 52. Ra3 f3+ 53. Ke1 Rc1+ 54. Kf2 Rc2+ 55. Ke1 Rxb2 56. Rxa6 Kf5 57. Rd6 b4 58. Rd8 b3 59. Rd4 Re2+ 60. Kf1 b2 61. Rb4 Rh2 62. Kg1 f2+ 63. Kxh2 f1=Q 64. Rxb2 Qf4+ 65. Kg2 Qe4+ 66. Kf1 Qh1+ 0-1

[Event "Fagernes Chess Open 2025"]
[Site "Fagernes"]
[Date "2025.04.14"]
[Round "2.8"]
[White "Bollestad, Leiv Ove"]
[Black "Andersen, Guttorm"]
[Result "0-1"]
[Annotator "NA COMBH"]
[ECO "C01"]
[WhiteElo "1585"]
[BlackElo "1842"]
[PlyCount "42"]
[EventDate "2025.04.12"]
[EventCountry "NOR"]
[SourceTitle "playchess.com"]
[Source "ChessBase"]
[SourceQuality "1"]
[TimeControl "40/6000+30:2400+30"]

1. e4 e6 2. Nf3 d5 3. exd5 exd5 4. d4 Nf6 5. Bb5+ c6 6. Bd3 Bd6 7. O-O O-O 8. Ne5 Bxe5 9. dxe5 Ng4 10. Bf4 Re8 11. h3 Nxe5 12. Bxh7+ Kxh7 13. Qh5+ Kg8 14. Bxe5 Nd7 15. Bc3 Nf6 16. Bxf6 Qxf6 17. Nc3 Re5 18. Qd1 Qg6 19. Qd3 Bf5 20. Qf3 Rae8 21. Nd1 Be4 0-1

[Event "Fagernes Chess Open 2025"]
[Site "Fagernes"]
[Date "2025.04.14"]
[Round "2.9"]
[White "Yilmaz, Kazim"]
[Black "Gilsdottir, Sara"]
[Result "1/2-1/2"]
[Annotator "NA COMBH"]
[ECO "D02"]
[WhiteElo "1818"]
[BlackElo "1738"]
[PlyCount "91"]
[EventDate "2025.04.12"]
[EventCountry "NOR"]
[SourceTitle "playchess.com"]
[Source "ChessBase"]
[SourceQuality "1"]
[TimeControl "40/6000+30:2400+30"]

1. Nf3 d5 2. Nc3 Nf6 3. d4 c5 4. Bf4 Nc6 5. e3 Bg4 6. Bb5 e6 7. O-O cxd4 8. exd4 Bb4 9. Bg5 O-O 10. Bxc6 bxc6 11. a3 Be7 12. Re1 c5 13. dxc5 Bxc5 14. Qe2 Re8 15. Rad1 Be7 16. h3 Bh5 17. g4 Bg6 18. Ne5 Rc8 19. Nxg6 hxg6 20. Rd3 Qc7 21. h4 Qc4 22. Rg3 Bd6 23. Rg2 a6 24. h5 Qxe2 25. Rxe2 Rc4 26. Bxf6 gxf6 27. Nxd5 Kg7 28. Ne3 Rc5 29. b4 Rc3 30. Rd2 Bf4 31. Rd3 Rec8 32. hxg6 Rxd3 33. cxd3 fxg6 34. Kf1 Rc3 35. Ke2 Rxa3 36. Rg1 Bxe3 37. fxe3 Rb3 38. Ra1 Rxb4 39. Rxa6 Kf7 40. Ra7+ Kf8 41. Ra6 Kf7 42. Ra7+ Kf8 43. Ra6 Kf7 44. Ra7+ Kf8 45. Ra6 Kf7 46. Ra7+ 1/2-1/2

[Event "Fagernes Chess Open 2025"]
[Site "Fagernes"]
[Date "2025.04.14"]
[Round "2.10"]
[White "Lien, Benjamin"]
[Black "Lysen, Terje Kevin G"]
[Result "0-1"]
[Annotator "NA COMBH"]
[ECO "B15"]
[WhiteElo "1733"]
[BlackElo "1667"]
[PlyCount "54"]
[EventDate "2025.04.12"]
[EventCountry "NOR"]
[SourceTitle "playchess.com"]
[Source "ChessBase"]
[SourceQuality "1"]
[TimeControl "40/6000+30:2400+30"]

1. e4 c6 2. d4 d5 3. Nc3 dxe4 4. Nxe4 Nf6 5. Nxf6+ exf6 6. c3 Bd6 7. Bd3 O-O 8. Qc2 Re8+ 9. Ne2 h5 10. Be3 a5 11. a4 h4 12. Bf5 Na6 13. O-O-O b5 14. d5 Bxf5 15. Qxf5 Qe7 16. Rd4 Bc5 17. Rhd1 Bxd4 18. Rxd4 Qe5 19. Qf3 g5 20. g3 h3 21. Qh5 Nc5 22. Rg4 Nd3+ 23. Kb1 Nxf2 24. Bxf2 Qxe2 25. Bd4 Qd1+ 26. Ka2 Qxa4+ 27. Kb1 Re1# 0-1

[Event "Fagernes Chess Open 2025"]
[Site "Fagernes"]
[Date "2025.04.14"]
[Round "2.11"]
[White "Brattgjerd, August Minh"]
[Black "Jorgensen, Catherine"]
[Result "1-0"]
[Annotator "NA COMBH"]
[ECO "A45"]
[WhiteElo "1845"]
[BlackElo "1609"]
[PlyCount "65"]
[EventDate "2025.04.12"]
[EventCountry "NOR"]
[SourceTitle "playchess.com"]
[Source "ChessBase"]
[SourceQuality "1"]
[TimeControl "40/6000+30:2400+30"]

1. d4 Nf6 2. Bf4 c5 3. c3 Qb6 4. Qb3 Qxb3 5. axb3 cxd4 6. cxd4 Nc6 7. Nf3 Nd5 8. Bd2 Ndb4 9. Na3 d5 10. e3 a6 11. Be2 Bf5 12. O-O e6 13. Nh4 Bd3 14. Rfe1 Be7 15. Bxb4 Nxb4 16. Nf3 O-O 17. Bxd3 Nxd3 18. Red1 Nb4 19. Rac1 Rac8 20. Ne1 Rc6 21. Rxc6 bxc6 22. Rc1 Rc8 23. Nac2 Nxc2 24. Rxc2 c5 25. Nd3 c4 26. bxc4 dxc4 27. b3 c3 28. Nc5 a5 29. Rxc3 e5 30. Kf1 exd4 31. exd4 Bf6 32. Rc4 Kf8 33. Nd7+ 1-0

[Event "Fagernes Chess Open 2025"]
[Site "Fagernes"]
[Date "2025.04.14"]
[Round "2.12"]
[White "Warstad, Leif E"]
[Black "Digernes, Mikael"]
[Result "0-1"]
[Annotator "NA COMBH"]
[ECO "E43"]
[WhiteElo "1606"]
[BlackElo "1781"]
[PlyCount "76"]
[EventDate "2025.04.12"]
[EventCountry "NOR"]
[SourceTitle "playchess.com"]
[Source "ChessBase"]
[SourceQuality "1"]
[TimeControl "40/6000+30:2400+30"]

1. d4 Nf6 2. Nf3 b6 3. c4 Bb7 4. Nc3 e6 5. e3 Bb4 6. Be2 Ne4 7. Qb3 Bxc3+ 8. bxc3 d6 9. Bb2 O-O 10. O-O Nd7 11. Rad1 Qe7 12. Qc2 f5 13. Ne1 Qg5 14. Bf3 a5 15. a4 Rae8 16. Be2 Qh6 17. Bc1 Rc8 18. f3 Nef6 19. e4 f4 20. Nd3 e5 21. Ba3 c5 22. d5 g5 23. Nf2 Qg6 24. Rb1 Rb8 25. Rfe1 h5 26. Qd1 Rf7 27. Rb2 Bc8 28. Kh1 Nf8 29. h3 Rfb7 30. Rb1 Bd7 31. Bd3 g4 32. fxg4 hxg4 33. hxg4 Bxg4 34. Be2 Bxe2 35. Qxe2 Rg7 36. Qf3 Qh6+ 37. Kg1 Rg3 38. Qd1 f3 0-1

[Event "Fagernes Chess Open 2025"]
[Site "Fagernes"]
[Date "2025.04.14"]
[Round "2.13"]
[White "Nebell, Anne Grete"]
[Black "Johansson, Henrik"]
[Result "1-0"]
[Annotator "NA COMBH"]
[ECO "B01"]
[WhiteElo "1561"]
[BlackElo "1730"]
[PlyCount "123"]
[EventDate "2025.04.12"]
[EventCountry "NOR"]
[SourceTitle "playchess.com"]
[Source "ChessBase"]
[SourceQuality "1"]
[TimeControl "40/6000+30:2400+30"]

1. e4 d5 2. exd5 Nf6 3. Bb5+ Nbd7 4. d4 a6 5. Be2 Nb6 6. c4 e6 7. dxe6 Bxe6 8. d5 Bf5 9. Nf3 Bb4+ 10. Nc3 Ne4 11. Qd4 Nxc3 12. bxc3 Be7 13. O-O O-O 14. Bf4 Re8 15. Rfe1 Bf6 16. Be5 Bxe5 17. Nxe5 Qg5 18. Nf3 Qh6 19. Bd3 Bg6 20. h3 Rad8 21. Rxe8+ Rxe8 22. Bxg6 Qxg6 23. Rd1 Re4 24. Re1 Rxe1+ 25. Nxe1 Qb1 26. Qe5 g6 27. c5 Nc4 28. Qe8+ Kg7 29. Qe2 Nb2 30. Kh2 Nd1 31. Nf3 Qc1 32. d6 cxd6 33. cxd6 Qf4+ 34. Kg1 Qxd6 35. c4 Nc3 36. Qb2 Qd1+ 37. Kh2 Qd6+ 38. g3 Qf6 39. Kg2 Ne4 40. Qxb7 Nc5 41. Qd5 Ne6 42. Qe5 Qxe5 43. Nxe5 Nc5 44. Kf3 f6 45. Nc6 Kf7 46. Ke3 Ke6 47. Kd4 Kd6 48. Na5 Ne6+ 49. Kc3 Ng5 50. Kd4 Nxh3 51. c5+ Kc7 52. f4 Nf2 53. Kd5 f5 54. Nc6 Ne4 55. Nb4 a5 56. Nc6 a4 57. Na7 Nxg3 58. Nb5+ Kd7 59. c6+ Kc8 60. c7 Ne4 61. Kc6 h5 62. Na7# 1-0

[Event "Fagernes Chess Open 2025"]
[Site "Fagernes"]
[Date "2025.04.14"]
[Round "2.14"]
[White "Lang, Gusztav Jr"]
[Black "Ruud, Mikael"]
[Result "1-0"]
[Annotator "NA COMBH"]
[ECO "B75"]
[WhiteElo "1729"]
[BlackElo "1588"]
[PlyCount "39"]
[EventDate "2025.04.12"]
[EventCountry "NOR"]
[SourceTitle "playchess.com"]
[Source "ChessBase"]
[SourceQuality "1"]
[TimeControl "40/6000+30:2400+30"]

1. e4 c5 2. Nf3 Nc6 3. d4 cxd4 4. Nxd4 Nf6 5. Nc3 d6 6. Be3 g6 7. f3 Bg7 8. Qd2 O-O 9. O-O-O Bd7 10. Kb1 a6 11. g4 h5 12. h3 Nxd4 13. Bxd4 Nh7 14. Bxg7 Kxg7 15. gxh5 g5 16. h4 f6 17. Rg1 Kh8 18. hxg5 fxg5 19. Qd4+ Kg8 20. Bc4+ 1-0

[Event "Fagernes Chess Open 2025"]
[Site "Fagernes"]
[Date "2025.04.14"]
[Round "2.15"]
[White "Vatneodegard, Marie"]
[Black "Odden, Jan Ove"]
[Result "0-1"]
[Annotator "NA COMBH"]
[ECO "C80"]
[WhiteElo "1538"]
[BlackElo "1720"]
[PlyCount "84"]
[EventDate "2025.04.12"]
[EventCountry "NOR"]
[SourceTitle "playchess.com"]
[Source "ChessBase"]
[SourceQuality "1"]
[TimeControl "40/6000+30:2400+30"]

1. e4 e5 2. Nf3 Nc6 3. Bb5 a6 4. Ba4 Nf6 5. O-O Nxe4 6. d4 d5 7. Nxe5 b5 8. Nxc6 Qd6 9. Bb3 Qxc6 10. Nd2 Nxd2 11. Bxd2 Be6 12. c3 Bd6 13. Qf3 Kd7 14. Bf4 h6 15. Rfe1 Bxf4 16. Qxf4 Qd6 17. Qf3 c6 18. Bc2 Rae8 19. Bf5 Rhf8 20. Qh3 Kd8 21. Bxe6 Rxe6 22. Rxe6 Qxe6 23. Qxe6 fxe6 24. Re1 Kd7 25. a3 Kd6 26. b4 Rf5 27. f3 e5 28. dxe5+ Rxe5 29. Rd1 Re3 30. Rc1 Re2 31. h3 Ra2 32. g4 Rxa3 33. Kf2 a5 34. bxa5 Rxa5 35. f4 Ra4 36. Kf3 Rc4 37. f5 b4 38. h4 Rxc3+ 39. Rxc3 bxc3 40. Ke3 Ke5 41. Kd3 d4 42. h5 Kf4 0-1

[Event "Fagernes Chess Open 2025"]
[Site "Fagernes"]
[Date "2025.04.14"]
[Round "2.16"]
[White "Smedsrud, Morten S"]
[Black "Holten, Terje"]
[Result "1-0"]
[Annotator "NA COMBH"]
[ECO "A34"]
[WhiteElo "1699"]
[BlackElo "1566"]
[PlyCount "65"]
[EventDate "2025.04.12"]
[EventCountry "NOR"]
[SourceTitle "playchess.com"]
[Source "ChessBase"]
[SourceQuality "1"]
[TimeControl "40/6000+30:2400+30"]

1. c4 e5 2. g3 c5 3. Bg2 Nf6 4. Nc3 d6 5. Nf3 Nc6 6. O-O Be7 7. d3 O-O 8. Bg5 Be6 9. Ne1 Rb8 10. Nc2 h6 11. Bxf6 Bxf6 12. Ne3 Ne7 13. Rb1 Qd7 14. Re1 a6 15. Ned5 Nxd5 16. Nxd5 Bg5 17. b4 cxb4 18. Rxb4 Bd8 19. Nb6 Qe7 20. Qb3 f5 21. Rb1 f4 22. Nd5 Qf7 23. Rxb7 Rxb7 24. Qxb7 fxg3 25. Qxf7+ Bxf7 26. hxg3 Bh5 27. Kf1 Re8 28. Rb7 Bg6 29. Rd7 a5 30. Rxd6 Bf7 31. Nc3 Kf8 32. Bc6 Ke7 33. Bxe8 1-0

[Event "Fagernes Chess Open 2025"]
[Site "Fagernes"]
[Date "2025.04.14"]
[Round "2.17"]
[White "Wen, Liana"]
[Black "Dybvik, Bjorn Noralf"]
[Result "0-1"]
[Annotator "NA COMBH"]
[ECO "C02"]
[WhiteElo "1404"]
[BlackElo "1686"]
[PlyCount "158"]
[EventDate "2025.04.12"]
[EventCountry "NOR"]
[SourceTitle "playchess.com"]
[Source "ChessBase"]
[SourceQuality "1"]
[TimeControl "40/6000+30:2400+30"]

1. e4 e6 2. d4 d5 3. e5 c5 4. c3 Nc6 5. Nf3 Qb6 6. Be2 Bd7 7. a3 Nh6 8. b4 cxd4 9. cxd4 Nf5 10. Be3 Be7 11. Nc3 O-O 12. Qd2 Nxe3 13. Qxe3 Rac8 14. O-O a6 15. b5 axb5 16. Nxb5 Qd8 17. Rfb1 Na5 18. Qd3 Nc4 19. Bd1 Ra8 20. Bc2 g6 21. a4 Bc6 22. Nc3 Na3 23. Rb3 Nxc2 24. Qxc2 Qd7 25. a5 Rfc8 26. Qd2 Qd8 27. Ne2 Ra7 28. Qh6 Bf8 29. Qf4 Be7 30. Qg3 Rxa5 31. Re1 Rca8 32. Rbb1 Ra3 33. Nf4 R8a4 34. Rbd1 Bb4 35. Nh5 Be7 36. h3 Kh8 37. Nf4 Bb4 38. Re2 Ra1 39. Rxa1 Rxa1+ 40. Kh2 Be7 41. h4 Qf8 42. h5 Qh6 43. Qh3 g5 44. Nd3 Bb5 45. Rd2 Bc4 46. Nb2 b5 47. g4 Bb4 48. Rc2 Ra2 49. Nd3 Rxc2 50. Nxb4 Rxf2+ 51. Kg1 Rf1+ 52. Kh2 Rb1 53. Nc6 Rb2+ 54. Kh1 Be2 55. Nd8 Kg8 56. Qg2 Bxf3 57. Qxf3 Qf8 58. Qf6 h6 59. Nc6 Qg7 60. Ne7+ Kh7 61. Qf3 Qf8 62. Ng6 Qg7 63. Ne7 b4 64. Qd3+ Kh8 65. Qb5 Qf8 66. Nc6 Rb1+ 67. Kh2 b3 68. Na5 Qc8 69. Nc6 Rc1 70. Ne7 Qc2+ 71. Kh3 Qc3+ 72. Kg2 Rc2+ 73. Kg1 Qa1+ 74. Qf1 Rc1 75. Qxc1 Qxc1+ 76. Kh2 b2 77. Kh3 b1=Q 78. Kg3 Qe3+ 79. Kg2 Qbg1# 0-1

[Event "Fagernes Chess Open 2025"]
[Site "Fagernes"]
[Date "2025.04.14"]
[Round "2.18"]
[White "Andersen, Even Jorstad"]
[Black "Skotheim, Havard"]
[Result "1-0"]
[Annotator "NA COMBH"]
[ECO "B22"]
[WhiteElo "1681"]
[BlackElo "1548"]
[PlyCount "73"]
[EventDate "2025.04.12"]
[EventCountry "NOR"]
[SourceTitle "playchess.com"]
[Source "ChessBase"]
[SourceQuality "1"]
[TimeControl "40/6000+30:2400+30"]

1. e4 c5 2. c3 Nc6 3. d4 e6 4. d5 exd5 5. exd5 Qe7+ 6. Be3 Ne5 7. Na3 a6 8. Nc4 Nxc4 9. Bxc4 d6 10. Nf3 Nf6 11. O-O Qd8 12. a4 Be7 13. Re1 O-O 14. h3 Re8 15. a5 Bf5 16. b4 Qc8 17. bxc5 Bf8 18. Qb3 Bxh3 19. gxh3 Qxh3 20. Nh2 Ng4 21. Bf4 Nxh2 22. Bxh2 Qg4+ 23. Bg3 dxc5 24. Rxe8 Rxe8 25. d6 Qg6 26. d7 Rd8 27. Rd1 h5 28. Bxf7+ Qxf7 29. Qxf7+ Kxf7 30. Bc7 Ke7 31. Bd6+ Kf7 32. Bc7 Ke7 33. Bxd8+ Kxd8 34. Kg2 Be7 35. Kf3 Kc7 36. Ke4 Bd6 37. Rxd6 1-0

[Event "Fagernes Chess Open 2025"]
[Site "Fagernes"]
[Date "2025.04.14"]
[Round "2.19"]
[White "Sigvaldsen, Sebastian"]
[Black "Jullum, Hege Ibsen"]
[Result "1-0"]
[Annotator "NA COMBH"]
[ECO "A53"]
[WhiteElo "1613"]
[BlackElo "1484"]
[PlyCount "85"]
[EventDate "2025.04.12"]
[EventCountry "NOR"]
[SourceTitle "playchess.com"]
[Source "ChessBase"]
[SourceQuality "1"]
[TimeControl "40/6000+30:2400+30"]

1. d4 d6 2. c4 Nf6 3. Nc3 Bf5 4. e3 Nbd7 5. Bd3 Bxd3 6. Qxd3 e5 7. d5 Be7 8. Nf3 Nc5 9. Qc2 e4 10. Nd2 Nd3+ 11. Ke2 O-O 12. Ndxe4 Nxc1+ 13. Raxc1 Nxe4 14. Nxe4 Re8 15. Ng3 Bh4 16. Qf5 Qf6 17. Qxf6 Bxf6 18. b4 a5 19. b5 Bd4 20. a4 g6 21. Rhd1 Bc5 22. Kf3 Re5 23. Ne4 Rf5+ 24. Ke2 Bb4 25. f4 h5 26. h3 Re8 27. Kd3 h4 28. Rg1 Rxe4 29. Kxe4 Rh5 30. Rcf1 f5+ 31. Kd3 Kf7 32. g4 hxg3 33. Rxg3 Kf6 34. Rfg1 Rh6 35. h4 Bc5 36. Rg5 Rxh4 37. Rxg6+ Kf7 38. Rg7+ Kf8 39. Rxc7 Rg4 40. Rxg4 fxg4 41. Rxc5 g3 42. Rc8+ Kf7 43. Ke2 1-0